 Dungeon Crawl Stone Soup version 0.30.1-3-gfc49f6343a (webtiles) character file.

Game seed: 15468731949327463402

345 spardeous the Shooter (level 6, -3/39 (45) HPs)
             Began as a Demigod Earth Elementalist on July 20, 2023.
             Slain by Duvessa
             ... wielding a +3 rapier of draining
              (6 damage)
             ... on level 4 of the Dungeon.
             The game lasted 00:03:29 (2332 turns).

spardeous the Shooter (Demigod Earth Elementalist)  Turns: 2332, Time: 00:03:30

HP:   -3/39 (45)    AC:  5    Str:  9    XL:     6   Next: 9%
MP:   0/11          EV: 12    Int: 21    God:
Gold: 126           SH:  0    Dex: 25    Spells: 7/8 levels left

rFire   . . .        n - +6 sling "Uriott" {heavy, rElec Dex+7 Stlth-}
rCold   . . .        (no shield)
rNeg    . . .        t - +0 leather armour
rPois   .            m - +0 helmet
rElec   +            (no cloak)
rCorr   .            u - +0 pair of gloves
SInv    .            (no boots)
Will    .....        p - amulet of guardian spirit
Stlth   +            (no ring)
HPRegen 0.26/turn    (no ring)
MPRegen 0.12/turn

%: guardian spirit
@: heavily drained
A: high MP 1, forlorn, divine attributes
a: no special abilities


You were on level 4 of the Dungeon.
You visited 1 branch of the dungeon, and saw 4 of its levels.

You collected 126 gold pieces.

Inventory:

Hand Weapons
 n - the +6 sling "Uriott" (weapon) {heavy, rElec Dex+7 Stlth-}
   (You found it on level 2 of the Dungeon)

   Dex:       It affects your dexterity (+7).
   rElec:     It insulates you from electricity.
   Stlth:     It makes you less stealthy.
Missiles
 k - a throwing net
Armour
 a - a +0 robe
 m - a +0 helmet (worn)
 t - a +0 leather armour (worn)
 u - a +0 pair of gloves (worn)
Magical Staves
 j - a staff of earth
Jewellery
 p - an amulet of guardian spirit (around neck)
Scrolls
 c - 3 scrolls of identify {unknown}
 g - a scroll of vulnerability {unknown}
 h - a scroll of poison {unknown}
 i - 3 scrolls of noise {unknown}
 l - a scroll of enchant weapon {unknown}
 r - a scroll of magic mapping {unknown}
 s - 2 scrolls of teleportation {unknown}
 v - a scroll of enchant armour {unknown}
Potions
 b - 3 potions of magic
 d - 2 potions of flight
 e - a potion of brilliance
 f - a potion of invisibility {unknown}
 o - 2 potions of haste {unknown}
 q - a potion of ambrosia {unknown}


   Skills:
 + Level 5.0 Ranged Weapons
 - Level 1.7 Dodging
 - Level 1.7 Stealth
 - Level 1.7 Spellcasting
 - Level 0.8 Transmutations
 - Level 3.9 Earth Magic


You had 7 spell levels left.
You knew the following spells:

 Your Spells              Type           Power      Damage    Failure   Level
a - Sandblast             Erth           36%        2d10      4%          1

Your spell library contained the following spells:

 Spells                   Type           Power      Damage    Failure   Level
 Passwall                 Tmut/Erth      9%         N/A       12%         2
 Stone Arrow              Conj/Erth      20%        3d8       28%         3
 Blink                    Tloc           2%         N/A       32%         2
 Lesser Beckoning         Tloc           2%         N/A       32%         2
 Momentum Strike          Conj/Tloc      2%         3d8       32%         2
 Inner Flame              Hex/Fire       1%         N/A       54%         3
 Petrify                  Tmut/Erth      11%        N/A       63%         4
 Yara's Violent Unravell  Hex/Tmut       1%         3d3       99%         5
 Enfeeble                 Hex            0%         N/A       100%        7


Dungeon Overview and Level Annotations

Branches:
Dungeon (4/15)
 Temple: D:4-7

Annotations:
D:4 Duvessa


Innate Abilities, Weirdness & Mutations

You have an increased reservoir of magic. (+10% MP)
You shall have no god before yourself.
Your divine heritage dramatically boosts your attributes as you level up.


Message History

Things that are here:
a +0 dagger; a +0 robe; the elf corpse of Dowan You see here a dart slug corpse.
Duvessa, Sister of Dowan comes into view.
She is wielding a +3 rapier of draining.
Duvessa shouts!
Duvessa goes berserk!
Duvessa is nearby!
You shoot a sling bullet. The sling bullet hits Duvessa!
Duvessa is lightly wounded.
Duvessa rages.
You shoot a sling bullet. The sling bullet hits Duvessa!
Duvessa is moderately wounded.
Duvessa hits you with a +3 rapier of draining!
You feel drained.
You shoot a sling bullet. The sling bullet hits Duvessa!
Duvessa is severely wounded.
Duvessa hits you with a +3 rapier of draining!
You feel drained.
Duvessa hits you with a +3 rapier of draining!!
* * * LOW HITPOINT WARNING * * *
You feel drained.
* * * LOW HITPOINT WARNING * * *
You are too injured to fight recklessly!
You are too injured to fight recklessly!
You are too injured to fight recklessly!
You are too injured to fight recklessly!
You are too injured to fight recklessly!
Okay, then.
You shoot a sling bullet. The sling bullet hits Duvessa!
Duvessa is severely wounded.
Duvessa closely misses you. Duvessa misses you.
Duvessa hits you with a +3 rapier of draining.
* * * LOW HITPOINT WARNING * * *
You feel drained.
Unknown command.
You shoot a sling bullet. The sling bullet hits Duvessa!
Duvessa is almost dead.
Duvessa barely misses you.
Duvessa hits you with a +3 rapier of draining!
You die...

#.###.###.# #.#
#.........# #.#
#####.#######+#
#.......###... ###
#.##.##.##.... #....
...##.#.....
..#####.###....##.......
........e.>.............
#@###....##.......
#.##........#.....
#†##.###.#####...<
#.##.# # ##...
#)##.###.# ##+#
#........# #.#
####.##### #[# #.#
#########.# #.#
#..........


You could see Duvessa (berserk).

Vanquished Creatures
  Sigmund (D:3)
  Dowan (D:4)
  An orc priest (D:3)
  Jessica (D:3)
  An orc wizard (D:3)
  An adder (D:2)
  2 dart slugs (D:4)
  4 orcs
  5 endoplasms
  A giant cockroach (D:1)
  2 goblins
  5 hobgoblins
  6 jackals
  5 kobolds
  A quokka (D:2)
  5 ball pythons
  A bat (D:1)
  2 frilled lizards
  4 rats
49 creatures vanquished.

Notes
Turn   | Place    | Note
-------+----------+-------------------------------------------
     0 | D:1      | spardeous the Demigod Earth Elementalist began the quest
                  | for the Orb.
     0 | D:1      | Reached XP level 1. HP: 14/14 MP: 5/5
   693 | D:2      | Reached XP level 2. HP: 20/20 MP: 5/7
   921 | D:2      | Identified the +6 sling "Uriott" {heavy, rElec Dex+7
                  | Stlth-}
  1104 | D:2      | Reached XP level 3. HP: 26/26 MP: 8/8
  1450 | D:3      | Noticed Jessica
  1452 | D:3      | Killed Jessica
  1453 | D:3      | Reached skill level 1 in Ranged Weapons
  1569 | D:3      | Noticed Sigmund
  1573 | D:3      | Killed Sigmund
  1574 | D:3      | Reached skill level 4 in Ranged Weapons
  1574 | D:3      | Reached XP level 4. HP: 31/33 MP: 9/9
  1574 | D:3      | Reached XP level 5. HP: 36/38 MP: 10/10
  2317 | D:4      | Noticed Dowan
  2322 | D:4      | Killed Dowan
  2323 | D:4      | Reached skill level 5 in Ranged Weapons
  2323 | D:4      | Reached XP level 6. HP: 45/45 MP: 11/11
  2327 | D:4      | Noticed Duvessa
  2331 | D:4      | HP: 2/40 [Duvessa/+3 rapier of draining (3)]
  2332 | D:4      | Slain by Duvessa

Illustrated notes

Levels and vault maps discovered:
D:1:      lemuel_arrival_room, layout_rooms, shapermc_ecumenical_altar_acropolis
D:2:      layout_loops_cross, basic_altar
D:3:      layout_loops_ring, lemuel_round_altar, uniq_jessica, uniq_sigmund
D:4:      minmay_inner_zag, layout_loops_corners, uniq_duvessa, uniq_menkaure

Skill      XL: |  1  2  3  4  5 |
---------------+----------------+-----
Earth Magic    | 3 |  3.9
Ranged Weapons | 4 5 |  5.0
Dodging        | |  1.7
Stealth        | |  1.7
Spellcasting   | |  1.7
Transmutations | |  0.8

Action                     |  1- 3 |  4- 6 || total
---------------------------+-------+-------++-------
  Melee: Unarmed           |     1 |       ||     1
         Sling             |       |     4 ||     4
   Fire: Sling             |    30 |    41 ||    71
   Cast: Sandblast         |    22 |     2 ||    24
    Use: Potion            |       |     4 ||     4
 Armour: Robe              |     3 |    10 ||    13
         Leather armour    |       |     1 ||     1
  Dodge: Dodged            |    17 |    19 ||    36
